AoeStats
← Maximus

Arabia

510733830Analyzed
1v1 RM · 1d ago on Oct 2, 2026· 54m 48s· 2 players
Game mode
Random Map
Map size
Tiny (2 player)
Population
200
Speed
Normal
Resources
Standard
Victory
Conquest
Starting age
Dark Age
Ending age
Imperial Age
RankedLock teamsTeams togetherTeam positionsShared explorationLock speedFull tech treeHidden civsTurbo modeCheats
Victory
Defeat
🇧🇪 Burgundians · Belgium
1335
+13
🇨🇳 Magyars · China
1273
-13
daitoudaguo
6:21 Loom
9:09 Feudal Age
9:40 Double-Bit Axe
15:09 Scale Barding Armor
21:37 Castle Age
19:30 Horse Collar
20:28 Bloodlines
21:41 Light Cavalry
23:49 Bow Saw
26:38 Chain Barding Armor
27:41 Town Watch
30:15 Wheelbarrow
30:22 Heavy Plow
30:59 Husbandry
32:19 Hand Cart
33:02 Fletching
33:13 Padded Archer Armor
34:07 Thumb Ring
34:55 Ballistics
34:53 Bodkin Arrow
35:13 Leather Archer Armor
36:26 Gold Mining
39:38 Imperial Age
39:50 Heavy Cavalry Archer
40:59 Parthian Tactics
41:40 Chemistry
40:59 Bracer
42:19 Ring Archer Armor
42:25 Plate Barding Armor
42:22 Elite Skirmisher
43:23 Recurve Bow
43:44 Conscription
49:22 Hussar
53:28 Cavalier
Maximus
6:34 Loom
8:53 Feudal Age
8:30 Double-Bit Axe
16:44 Forging
20:50 Castle Age
18:48 Horse Collar
19:16 Gold Mining
20:51 Cavalier
22:12 Iron Casting
22:05 Bow Saw
22:32 Heavy Plow
23:50 Pikeman
30:07 Wheelbarrow
30:45 Scale Mail Armor
30:41 Town Watch
32:19 Town Patrol
34:15 Chain Mail Armor
35:21 Hand Cart
40:17 Imperial Age
39:49 Fletching
39:59 Padded Archer Armor
40:36 Ballistics
39:54 Elite Skirmisher
41:10 Bodkin Arrow
41:30 Leather Archer Armor
42:04 Leather Archer Armor
42:22 Bracer
43:46 Chemistry
44:18 Blast Furnace
43:31 Stone Mining
44:12 Murder Holes
45:12 Scale Barding Armor
48:04 Chain Barding Armor
47:46 Paladin
51:35 Light Cavalry
53:57 Plate Barding Armor
53:40 Hussar
54:21 Husbandry
Connection lost

Rejoining the realm…

Still unreachable

The connection could not be restored.

Session expired

The server has moved on; the page needs a fresh start.